 Dungeon Crawl Stone Soup version 0.28-a0-1485-g077359a4bf (webtiles) character file.

Game seed: 6416014374431920003

8367 sanka the Summoner (level 11, -1/81 HPs)
             Began as a Gnoll Summoner on Jan 11, 2022.
             Was a Follower of Vehumet.
             Slain by a yak (7 damage)
             ... on level 9 of the Dungeon.
             The game lasted 00:27:51 (17141 turns).

sanka the Summoner (Gnoll Summoner)                Turns: 17141, Time: 00:27:52

Health: -1/81      AC:  7    Str: 22    XL:     11   Next: 29%
Magic:  5/23       EV: 15    Int: 18    God:    Vehumet [*.....]
Gold:   622        SH:  0    Dex: 12    Spells: 10/26 levels left

rFire   . . .      SeeInvis .   L - +8 hunting sling of Ambiguity {flame, Str+7}
rCold   . . .      Faith    .   (no shield)
rNeg    . . .      Spirit   .   h - +0 robe
rPois   .          Reflect  .   (no helmet)
rElec   .          Harm     .   B - +0 cloak
rCorr   +          Rampage  .   (no gloves)
Will    .....                   M - +2 pair of boots
Stlth   +++.......              (no amulet)
HPRegen 0.23/turn               F - +6 ring of strength
MPRegen 0.18/turn               s - ring of resist corrosion

@: no status effects
A: fangs 1, strong nose, distributed training
a: Renounce Religion


You were on level 9 of the Dungeon.
You worshipped Vehumet.
Vehumet was aware of your devotion.
You visited 2 branches of the dungeon, and saw 11 of its levels.

You collected 622 gold pieces.


Innate Abilities, Weirdness & Mutations

You have very sharp teeth.
Your uncanny sense of smell can sniff out nearby items.
Your experience applies equally to all skills.


   Skills:
 + Level 6.1 Fighting
 + Level 6.1 Short Blades
 + Level 6.1 Long Blades
 + Level 6.1 Axes
 + Level 6.1 Maces & Flails
 + Level 6.1 Polearms
 + Level 6.1 Staves
 + Level 6.1 Slings
 + Level 6.1 Bows
 + Level 6.1 Crossbows
 + Level 6.1 Throwing
 + Level 6.1 Armour
 + Level 7.7 Dodging
 + Level 7.5 Stealth
 + Level 6.1 Shields
 + Level 6.1 Unarmed Combat
 + Level 8.0 Spellcasting
 + Level 5.1 Conjurations
 + Level 5.1 Hexes
 + Level 8.8 Summonings
 + Level 5.1 Necromancy
 + Level 5.1 Translocations
 + Level 5.1 Transmutations
 + Level 5.1 Fire Magic
 + Level 5.1 Ice Magic
 + Level 5.1 Air Magic
 + Level 5.1 Earth Magic
 + Level 5.1 Poison Magic
 + Level 6.7 Invocations
 + Level 6.1 Evocations


You had 10 spell levels left.
You knew the following spells:

 Your Spells              Type           Power      Damage    Failure   Level
c - Call Canine Familiar  Summ           39%        N/A       1%          3
i - Wereblood             Tmut           25%        N/A       1%          2
s - Swiftness             Air            25%        N/A       3%          3
u - Scorch                Fire           50%        2d7       1%          2
x - Call Imp              Summ           39%        N/A       1%          2
y - Freeze                Ice            100%       1d11      1%          1
z - Summon Small Mammal   Summ           100%       N/A       1%          1
N - Passwall              Tmut/Erth      20%        N/A       1%          2

Your spell library contained the following spells:

 Spells                   Type           Power      Damage    Failure   Level
 Magic Dart               Conj           100%       1d8       1%          1
 Ensorcelled Hibernation  Hex/Ice        50%        N/A       1%          2
 Sublimation of Blood     Necr           25%        N/A       1%          2
 Summon Guardian Golem    Hex/Summ       32%        N/A       1%          3
 Summon Lightning Spire   Summ/Air       32%        N/A       5%          4
 Flame Wave               Conj/Fire      25%        2d6       12%         4
 Petrify                  Tmut/Erth      25%        N/A       12%         4
 Metabolic Englaciation   Hex/Ice        12%        N/A       32%         5
 Summon Cactus Giant      Summ           19%        N/A       36%         6
 Statue Form              Tmut/Erth      16%        N/A       88%         6
 Summon Hydra             Summ           19%        N/A       91%         7

Inventory:

Hand Weapons
 a - a +2 trident of freezing
 y - a +0 flail of venom
 I - a +2 great sword of freezing
 K - a +5 scimitar
 L - the +8 hunting sling of Ambiguity (weapon) {flame, Str+7} Any ammunition fired from it burns those it strikes, dealing additional fire damage. Str: It affects your strength (+7).
Missiles
 v - 3 throwing nets {=f}
 H - a curare-tipped dart {=f}
 N - 26 sling bullets
 O - 235 stones (quivered ammo)
Armour
 h - a +0 robe (worn)
 u - a scarf of repulsion
 B - a +0 cloak (worn)
 M - a +2 pair of boots (worn)
Jewellery
 s - a ring of resist corrosion (right hand)
 F - a +6 ring of strength (left hand)
Wands
 o - a wand of flame (8)
 z - a wand of polymorph (14)
 D - a wand of charming (3)
Scrolls
 b - a scroll of summoning {unknown}
 c - a scroll of fog {unknown}
 f - 7 scrolls of teleportation {unknown}
 g - 2 scrolls of torment {unknown}
 i - 3 scrolls of blinking {unknown}
 j - a scroll of amnesia {unknown}
 l - 4 scrolls of noise {unknown}
 m - 8 scrolls of identify {unknown}
 p - 3 scrolls of immolation {unknown}
 r - a scroll of brand weapon {unknown}
 t - a scroll of silence {unknown}
 w - 2 scrolls of enchant armour {unknown}
 A - 3 scrolls of vulnerability {unknown}
 C - a scroll of holy word {unknown}
 G - a scroll of magic mapping {unknown}
 J - a scroll of enchant weapon {unknown}
 P - a scroll of fear {unknown}
Potions
 d - a potion of mutation {unknown}
 e - 4 potions of heal wounds {@q2}
 k - a potion of brilliance {unknown}
 n - 2 potions of cancellation {unknown}
 q - 2 potions of magic {unknown}
 x - 2 potions of might {unknown}
 E - a potion of curing {unknown}

Dungeon Overview and Level Annotations

Branches:
Dungeon (10/15)            Temple (1/1) D:7            Lair (0/6) D:9
    Orc (0/2) D:9

Altars:
Ashenzari
Cheibriados
Dithmenos
Elyvilon
Fedhas
Gozag
Hepliaklqana
Kikubaaqudgha
Makhleb
Nemelex Xobeh
Okawaru
Qazlal
Ru
Sif Muna
Trog
Uskayaw
Vehumet
Wu Jian
Xom
Yredelemnul
Zin
The Shining One

Annotations:
D:10 Erolcha

▒.............▒ ▒........
▒...>.........▒▒▒........
▒.............▒.(........
▒.............▒.▒........
▒.............▒.▒........
▒.............'.▒........
▒.............▒▒▒........
▒▒▒▒▒▒▒▒YY▒▒▒▒▒ ▒▒▒'▒▒▒▒▒
▒▒▒▒▒▒▒g▒▒▒▒ ▒...... ▒..........▒
▒▒▒▒▒▒▒▒ ▒.....h....▒▒▒▒▒▒.......
▒▒▒▒▒ ▒......../.▒▒...........
....▒▒▒▒▒▒..........▒▒.▒▒▒.......
....'....'..........▒▒.▒ ▒.......
....▒▒▒▒▒▒..........'..▒ ▒.......
....▒ ▒..........▒▒▒▒ ▒.......
....▒ ▒..........▒ ▒.......


You could see 2 yaks and a friendly wolf (summoned).


Message History

The centaur warrior zombie hits you!
* * * LOW HITPOINT WARNING * * *
The centaur warrior zombie completely misses you.
Flames lash the yak.
The yak is burned terribly!
The yak is moderately wounded.
The yak closely misses you.
The centaur warrior zombie barely misses you.
The centaur warrior zombie barely misses you.
Unknown command.
Unknown command.
The yak closely misses you.
The centaur warrior zombie closely misses you.
The centaur warrior zombie kicks you but does no damage.
The yak gores you.
* * * LOW HITPOINT WARNING * * *
You climb upwards.
There is a stone staircase leading down here.
Unknown command.
The yak gores you!
* * * LOW HITPOINT WARNING * * *
The yak barely misses you. The yak barely misses you. The yak gores you!
* * * LOW HITPOINT WARNING * * *
The yak is no longer more vulnerable to fire.
The yak is no longer more vulnerable to fire.
The yak closely misses you. The yak gores you!
You die...

Action                   |  1- 3 |  4- 6 |  7- 9 | 10-12 || total
-------------------------+-------+-------+-------+-------++-------
Melee: Unarmed           |    14 |       |       |       ||    14
       Bite              |    10 |    11 |    23 |     2 ||    46
       Whip              |    17 |       |       |       ||    17
       Spear             |    51 |   105 |       |       ||   156
       Punch             |       |     2 |    11 |       ||    13
       Trident           |       |    38 |   263 |    27 ||   328
 Fire: Hunting sling     |       |       |       |    24 ||    24
 Cast: Summon Small Mamm |    23 |     3 |       |       ||    26
       Call Imp          |       |     7 |    35 |    12 ||    54
       Call Canine Famil |       |     6 |    44 |    21 ||    71
       Scorch            |       |       |       |   155 ||   155
Evoke: Wand              |       |       |     5 |       ||     5
  Use: Potion            |       |     1 |       |     2 ||     3
 Stab: Sleeping          |    11 |     7 |     9 |     1 ||    28
       Distracted        |       |       |     6 |       ||     6
Armor: Robe              |     8 |    21 |    32 |   103 ||   164
Dodge: Dodged            |    38 |    65 |   127 |   208 ||   438
       Repelled          |       |       |     2 |       ||     2

Levels and vault maps discovered:
D:1:      dpeg_arrival_lava_temple_mockup, layout_loops_cross,
          chequers_ecumenical_altar_island, kennysheep_flooded_box,
          nicolae_grassy_gnolls
D:2:      layout_basic, moated_statue, serial_bayou_pond_d,
          serial_bayou_crossing
D:3:      layout_loops_ring, kennysheep_jessica_study, uniq_natasha
D:4:      layout_loops_ring, grunt_ministairs_1, minmay_crystal_water,
          minmay_bent
D:5:      layout_gridville
D:6:      layout_basic, mainiacjoe_overflow_big_doors, minmay_misc_feat_columns,
          st_stairs_6, kennysheep_another_room, uniq_crazy_yiuf_cottage,
          uniq_edmund, uniq_duvessa
D:7:      layout_basic, temple_green, serial_bayou_lagoon_a,
          minmay_misc_feat_alley, uniq_menkaure
D:8:      layout_basic, minmay_misc_feat_chi
D:9:      layout_roguey, minmay_lair_entry_grove, orc_0_dummy, uniq_harold
D:10:     layout_gridville, serial_shops, nicolae_diamond_shop,
          minmay_joined_circles, uniq_erolcha
Temple:   mainiacjoe_temple_big_plus

Notes
Turn   | Place    | Note
-------+----------+-------------------------------------------
     0 | D:1      | sanka the Gnoll Summoner began the quest for the Orb.
     0 | D:1      | Reached XP level 1. HP: 13/13 MP: 6/6
    36 | D:1      | Found a faded altar of an unknown god.
   307 | D:1      | Reached XP level 2. HP: 19/19 MP: 4/7
   746 | D:1      | Reached XP level 3. HP: 25/25 MP: 5/9
   777 | D:1      | Learned a level 2 spell: Call Imp
   781 | D:1      | Learned a level 3 spell: Call Canine Familiar
   890 | D:1      | Reached skill level 5 in Spellcasting
  1261 | D:2      | Reached skill level 1 in Invocations
  1609 | D:2      | Reached skill level 1 in Fighting
  1609 | D:2      | Reached skill level 1 in Short Blades
  1609 | D:2      | Reached skill level 1 in Long Blades
  1609 | D:2      | Reached skill level 1 in Axes
  1609 | D:2      | Reached skill level 1 in Maces & Flails
  1609 | D:2      | Reached skill level 1 in Polearms
  1609 | D:2      | Reached skill level 1 in Staves
  1609 | D:2      | Reached skill level 1 in Slings
  1609 | D:2      | Reached skill level 1 in Bows
  1609 | D:2      | Reached skill level 1 in Crossbows
  1609 | D:2      | Reached skill level 1 in Throwing
  1609 | D:2      | Reached skill level 1 in Armour
  1609 | D:2      | Reached skill level 1 in Shields
  1609 | D:2      | Reached skill level 1 in Unarmed Combat
  1609 | D:2      | Reached skill level 1 in Evocations
  1755 | D:2      | Reached XP level 4. HP: 32/32 MP: 11/11
  2085 | D:2      | Reached skill level 1 in Conjurations
  2085 | D:2      | Reached skill level 1 in Hexes
  2085 | D:2      | Reached skill level 1 in Necromancy
  2085 | D:2      | Reached skill level 1 in Translocations
  2085 | D:2      | Reached skill level 1 in Transmutations
  2085 | D:2      | Reached skill level 1 in Fire Magic
  2085 | D:2      | Reached skill level 1 in Ice Magic
  2085 | D:2      | Reached skill level 1 in Air Magic
  2085 | D:2      | Reached skill level 1 in Earth Magic
  2085 | D:2      | Reached skill level 1 in Poison Magic
  2577 | D:3      | Reached XP level 5. HP: 25/37 MP: 12/12
  2605 | D:3      | Noticed Natasha
  2615 | D:3      | Killed Natasha
  2699 | D:3      | Noticed Natasha
  2710 | D:3      | Killed Natasha
  3038 | D:3      | Noticed Natasha
  3049 | D:3      | Killed Natasha
  3050 | D:3      | Reached skill level 2 in Invocations
  3050 | D:3      | Reached XP level 6. HP: 35/44 MP: 6/13
  3201 | D:3      | Noticed Jessica
  3210 | D:3      | Killed Jessica
  3690 | D:4      | HP: 3/44 [phantom (7)]
  3704 | D:4      | Reached skill level 2 in Fighting
  3704 | D:4      | Reached skill level 2 in Short Blades
  3704 | D:4      | Reached skill level 2 in Long Blades
  3704 | D:4      | Reached skill level 2 in Axes
  3704 | D:4      | Reached skill level 2 in Maces & Flails
  3704 | D:4      | Reached skill level 2 in Polearms
  3704 | D:4      | Reached skill level 2 in Staves
  3704 | D:4      | Reached skill level 2 in Slings
  3704 | D:4      | Reached skill level 2 in Bows
  3704 | D:4      | Reached skill level 2 in Crossbows
  3704 | D:4      | Reached skill level 2 in Throwing
  3704 | D:4      | Reached skill level 2 in Armour
  3704 | D:4      | Reached skill level 5 in Dodging
  3704 | D:4      | Reached skill level 2 in Shields
  3704 | D:4      | Reached skill level 2 in Unarmed Combat
  3704 | D:4      | Reached skill level 2 in Evocations
  4023 | D:3      | Reached XP level 7. HP: 33/50 MP: 12/15
  4484 | D:4      | Reached skill level 2 in Conjurations
  4484 | D:4      | Reached skill level 2 in Hexes
  4484 | D:4      | Reached skill level 2 in Necromancy
  4484 | D:4      | Reached skill level 2 in Translocations
  4484 | D:4      | Reached skill level 2 in Transmutations
  4484 | D:4      | Reached skill level 2 in Fire Magic
  4484 | D:4      | Reached skill level 2 in Ice Magic
  4484 | D:4      | Reached skill level 2 in Air Magic
  4484 | D:4      | Reached skill level 2 in Earth Magic
  4484 | D:4      | Reached skill level 2 in Poison Magic
  5346 | D:5      | Entered Level 5 of the Dungeon
  5388 | D:5      | Reached skill level 5 in Stealth
  5399 | D:5      | Reached skill level 3 in Invocations
  5876 | D:5      | Reached XP level 8. HP: 57/57 MP: 8/16
  6019 | D:5      | Reached skill level 3 in Fighting
  6019 | D:5      | Reached skill level 3 in Short Blades
  6019 | D:5      | Reached skill level 3 in Long Blades
  6019 | D:5      | Reached skill level 3 in Axes
  6019 | D:5      | Reached skill level 3 in Maces & Flails
  6019 | D:5      | Reached skill level 3 in Polearms
  6019 | D:5      | Reached skill level 3 in Staves
  6019 | D:5      | Reached skill level 3 in Slings
  6019 | D:5      | Reached skill level 3 in Bows
  6019 | D:5      | Reached skill level 3 in Crossbows
  6019 | D:5      | Reached skill level 3 in Throwing
  6019 | D:5      | Reached skill level 3 in Armour
  6019 | D:5      | Reached skill level 3 in Shields
  6019 | D:5      | Reached skill level 3 in Unarmed Combat
  6019 | D:5      | Reached skill level 3 in Evocations
  6470 | D:6      | Reached skill level 6 in Spellcasting
  6813 | D:6      | Noticed a wraith
  6935 | D:6      | Killed a wraith
  6936 | D:6      | Reached skill level 3 in Conjurations
  6936 | D:6      | Reached skill level 3 in Hexes
  6936 | D:6      | Reached skill level 3 in Necromancy
  6936 | D:6      | Reached skill level 3 in Translocations
  6936 | D:6      | Reached skill level 3 in Transmutations
  6936 | D:6      | Reached skill level 3 in Fire Magic
  6936 | D:6      | Reached skill level 3 in Ice Magic
  6936 | D:6      | Reached skill level 3 in Air Magic
  6936 | D:6      | Reached skill level 3 in Earth Magic
  6936 | D:6      | Reached skill level 3 in Poison Magic
  6936 | D:6      | Reached skill level 4 in Invocations
  6968 | D:6      | Noticed Duvessa
  7141 | D:6      | Killed Duvessa
  7142 | D:6      | Reached skill level 6 in Dodging
  7404 | D:6      | Reached XP level 9. HP: 60/65 MP: 12/18
  7633 | D:6      | Found a runed translucent door.
  7634 | D:6      | Noticed Crazy Yiuf
  7732 | D:6      | Found a glowing golden altar of the Shining One.
  7891 | D:6      | Noticed Edmund
  7902 | D:6      | Killed Edmund
  7903 | D:6      | Reached skill level 4 in Fighting
  7903 | D:6      | Reached skill level 4 in Short Blades
  7903 | D:6      | Reached skill level 4 in Long Blades
  7903 | D:6      | Reached skill level 4 in Axes
  7903 | D:6      | Reached skill level 4 in Maces & Flails
  7903 | D:6      | Reached skill level 4 in Polearms
  7903 | D:6      | Reached skill level 4 in Staves
  7903 | D:6      | Reached skill level 4 in Slings
  7903 | D:6      | Reached skill level 4 in Bows
  7903 | D:6      | Reached skill level 4 in Crossbows
  7903 | D:6      | Reached skill level 4 in Throwing
  7903 | D:6      | Reached skill level 4 in Armour
  7903 | D:6      | Reached skill level 4 in Shields
  7903 | D:6      | Reached skill level 4 in Unarmed Combat
  7903 | D:6      | Reached skill level 4 in Evocations
  8107 | D:6      | Found an ancient bone altar of Kikubaaqudgha.
  8124 | D:6      | Noticed Dowan
  8139 | D:6      | Killed Dowan
  8345 | D:6      | Killed Crazy Yiuf
  8681 | D:7      | Reached skill level 6 in Stealth
  8681 | D:7      | Reached skill level 8 in Summonings
  8992 | D:7      | Noticed Menkaure
  9011 | D:7      | Killed Menkaure
  9227 | D:7      | Noticed a hornet
  9259 | D:7      | Paralysed by a hornet for 3 turns
  9259 | D:7      | Killed a hornet
  9265 | D:7      | HP: 6/66 [white imp/puff of frost (8)]
  9572 | D:7      | Reached skill level 5 in Invocations
  9621 | D:7      | Found a staircase to the Ecumenical Temple.
  9754 | Temple   | Entered the Ecumenical Temple
 10199 | Temple   | Became a worshipper of Vehumet
 11367 | D:8      | Reached skill level 7 in Spellcasting
 11419 | D:8      | Reached skill level 4 in Conjurations
 11419 | D:8      | Reached skill level 4 in Hexes
 11419 | D:8      | Reached skill level 4 in Necromancy
 11419 | D:8      | Reached skill level 4 in Translocations
 11419 | D:8      | Reached skill level 4 in Transmutations
 11419 | D:8      | Reached skill level 4 in Fire Magic
 11419 | D:8      | Reached skill level 4 in Ice Magic
 11419 | D:8      | Reached skill level 4 in Air Magic
 11419 | D:8      | Reached skill level 4 in Earth Magic
 11419 | D:8      | Reached skill level 4 in Poison Magic
 11419 | D:8      | Reached XP level 10. HP: 52/73 MP: 20/20
 11441 | D:8      | Reached * piety under Vehumet
 11441 | D:8      | Offered knowledge of Freeze by Vehumet.
 11671 | D:8      | Learned a level 1 spell: Freeze
 11674 | D:8      | Learned a level 2 spell: Scorch
 12188 | D:9      | Noticed Harold
 12206 | D:9      | Reached skill level 5 in Fighting
 12206 | D:9      | Reached skill level 5 in Short Blades
 12206 | D:9      | Reached skill level 5 in Long Blades
 12206 | D:9      | Reached skill level 5 in Axes
 12206 | D:9      | Reached skill level 5 in Maces & Flails
 12206 | D:9      | Reached skill level 5 in Polearms
 12206 | D:9      | Reached skill level 5 in Staves
 12206 | D:9      | Reached skill level 5 in Slings
 12206 | D:9      | Reached skill level 5 in Bows
 12206 | D:9      | Reached skill level 5 in Crossbows
 12206 | D:9      | Reached skill level 5 in Throwing
 12206 | D:9      | Reached skill level 5 in Armour
 12206 | D:9      | Reached skill level 5 in Shields
 12206 | D:9      | Reached skill level 5 in Unarmed Combat
 12206 | D:9      | Reached skill level 5 in Evocations
 12807 | D:8      | Reached skill level 7 in Dodging
 13165 | D:8      | HP: 7/74 [wyvern (4)]
 13171 | D:8      | HP: 6/74 [wyvern (7)]
 13682 | D:9      | Found a staircase to the Lair.
 13954 | D:9      | Reached skill level 6 in Invocations
 14066 | D:9      | Reached skill level 7 in Stealth
 14567 | D:9      | Identified the +8 hunting sling of Ambiguity {flame, Str+7}
 15236 | D:9      | Killed Harold
 15237 | D:9      | Reached XP level 11. HP: 43/81 MP: 9/22
 15403 | D:9      | Learned a level 2 spell: Passwall
 15407 | D:9      | Learned a level 3 spell: Swiftness
 15410 | D:9      | Learned a level 2 spell: Wereblood
 15515 | D:9      | Found a staircase to the Orcish Mines.
 16175 | D:10     | Entered Level 10 of the Dungeon
 16246 | D:10     | Reached skill level 6 in Fighting
 16246 | D:10     | Reached skill level 6 in Short Blades
 16246 | D:10     | Reached skill level 6 in Long Blades
 16246 | D:10     | Reached skill level 6 in Axes
 16246 | D:10     | Reached skill level 6 in Maces & Flails
 16246 | D:10     | Reached skill level 6 in Polearms
 16246 | D:10     | Reached skill level 6 in Staves
 16246 | D:10     | Reached skill level 6 in Slings
 16246 | D:10     | Reached skill level 6 in Bows
 16246 | D:10     | Reached skill level 6 in Crossbows
 16246 | D:10     | Reached skill level 6 in Throwing
 16246 | D:10     | Reached skill level 6 in Armour
 16246 | D:10     | Reached skill level 6 in Shields
 16246 | D:10     | Reached skill level 6 in Unarmed Combat
 16246 | D:10     | Reached skill level 6 in Evocations
 16438 | D:10     | Noticed Erolcha
 16469 | D:10     | Reached skill level 5 in Conjurations
 16469 | D:10     | Reached skill level 5 in Hexes
 16469 | D:10     | Reached skill level 5 in Necromancy
 16469 | D:10     | Reached skill level 5 in Translocations
 16469 | D:10     | Reached skill level 5 in Transmutations
 16469 | D:10     | Reached skill level 5 in Fire Magic
 16469 | D:10     | Reached skill level 5 in Ice Magic
 16469 | D:10     | Reached skill level 5 in Air Magic
 16469 | D:10     | Reached skill level 5 in Earth Magic
 16469 | D:10     | Reached skill level 5 in Poison Magic
 16617 | D:10     | Offered knowledge of Magic Dart by Vehumet.
 16702 | D:10     | Noticed a two-headed ogre
 16710 | D:10     | Reached skill level 8 in Spellcasting
 16844 | D:10     | Reached ** piety under Vehumet
 17137 | D:9      | HP: 5/81 [yak (10)]
 17141 | D:9      | Slain by a yak

Vanquished Creatures
  Harold (D:9)
  2 trolls (D:10)
  A wraith (D:9)
  2 wyverns
  3 yaks
  2 basilisks (D:9)
  A steam dragon (D:8)
  4 vampire mosquitoes
  Edmund (D:6)
  2 water moccasins (D:8)
  Duvessa (D:6)
  An orc warrior (D:8)
  2 black bears
  A hornet zombie (D:9)
  An ice beast (D:5)
  3 ogres
  2 centaurs
  A wolf (D:7)
  2 kobold brigands
  A bullfrog (D:9)
  A wyvern zombie (D:7)
  A gnoll sergeant (D:10)
  2 jellies
  7 wights
  2 electric eels (D:7)
  2 centaur zombies
  2 howler monkeys
  A gnoll shaman (D:7)
  Crazy Yiuf (D:6)
  A hound (D:6)
  2 centaur skeletons
  Natasha (D:3)
  An iguana (D:6)
  3 orc wizards
  A howler monkey zombie (D:3)
  8 gnolls
  4 adders
  A shadow imp (D:5)
  A white imp (D:6)
  An ufetubus (D:7)
  4 worms
  2 dart slugs
  17 orcs
  2 ball pythons (D:2)
  9 endoplasms
  4 giant cockroaches
  7 goblins
  8 hobgoblins
  3 quokkas
  5 bats
  2 frilled lizards
  10 kobolds
  A quokka skeleton (D:4)
  5 rats
156 creatures vanquished.

Vanquished Creatures (collateral kills)
  A hornet (D:7)
  A wyvern (D:8)
  A wraith (D:6)
  A yak (D:8)
  Menkaure (D:7)
  A water moccasin (D:8)
  3 black bears
  2 ogres
  2 necrophages
  2 phantoms
  4 bullfrogs
  A gnoll sergeant (D:9)
  A scorpion (D:6)
  Dowan (D:6)
  5 wights
  A centaur zombie (D:8)
  Jessica (D:3)
  Natasha (twice) (D:3)
  2 orc wizards
  A hound zombie (D:5)
  A howler monkey zombie (D:8)
  3 gnolls
  2 adders
  2 white imps (D:7)
  A worm (D:5)
  7 orcs
  A bat (D:1)
  2 endoplasms (D:1)
  A giant cockroach (D:3)
  3 goblins
  A quokka (D:3)
  2 frilled lizards (D:1)
  5 kobolds
65 creatures vanquished.

Vanquished Creatures (others)
  3 fungi (D:9)
  25 plants
28 creatures vanquished.

Grand Total: 249 creatures vanquished
